Wolves vs Phantoms

Created - Monday, November 17, 2014 at 23:19

Goals
1 2 3 OT1 SO T
Wolves 0 1 0 0 2 2
Phantoms 0 1 0 0 0 1
Shots
1 2 3 OT1 SO T
Wolves 15 9 1 5 3 30
Phantoms 9 6 6 3 2 24

1st period

No Goal

Penalties :
Zack Stortini (ADR) for Fighting (Major) at 1:11, Jared Boll (CHI) for Fighting (Major) at 1:11, Cedric Paquette (CHI) for Hooking (Minor) at 1:55, Cedric Paquette (CHI) for High sticking (Minor) at 7:16, Keegan Lowe (ADR) for Interference (Minor) at 13:45

2nd period

1. Wolves , Yannick Weber 12 (Jared Boll, Daniel Carcillo) at 1:04
2. Phantoms , Greg Zanon 2 (Garnet Exelby, Bryan Lerg) at 12:41 (SH)

Penalties :
Garnet Exelby (ADR) for Fighting (Major) at 2:55, Dane Byers (CHI) for Fighting (Major) at 2:55, Zack Stortini (ADR) for Fighting (Major) at 3:21, Jared Boll (CHI) for Fighting (Major) at 3:21, Zack FitzGerald (ADR) for Fighting (Major) at 3:28, Aaron Volpatti (CHI) for Fighting (Major) at 3:28, Greg Zanon (ADR) for High sticking (Minor) at 4:13, Farm Player34 (ADR) for Tripping (Minor) at 11:12, Zack Stortini (ADR) for Hooking (Minor) at 14:59

3rd period

No Goal

Penalties :
Aaron Volpatti (CHI) for Roughing (Minor) at 0:42, Cedric Paquette (CHI) for Hooking (Minor) at 3:36

Overtime #1

No Goal

Penalties :
No Penalty

Shootout

Penalty Shot by Chris Terry for Wolves - Goal!
Penalty Shot by Dmitrij Jaskin for Phantoms - Stopped by Scott Wedgewood
Penalty Shot by Landon Ferraro for Wolves - Stopped by Marek Mazanec
Penalty Shot by Adam Lowry for Phantoms - Stopped by Scott Wedgewood
Penalty Shot by Jared Boll for Wolves - Goal!

Penalties :
No Penalty

Goalie Stats

Scott Wedgewood (CHI), 23 saves from 24 shots - (0.958), W, 2-1-3, 65:00 minutes
Marek Mazanec (ADR), 29 saves from 30 shots - (0.967), OTL, 1-1-2, 65:00 minutes

Players Stats for Wolves

Player Name              G  A  P  +/- PIM S  H  SB GA TA FO     MP     PP MP  PK MP  
------------------------------------------------------------------------------------
Aaron Volpatti           0  0  0   0  7   3  1  0  2  0  1/2    21:58   3:09   3:03 
Ben Hanowski             0  0  0   0  0   2  0  0  4  0  0/0     8:06   0:00   0:00 
Cedric Paquette          0  0  0   0  6   1  1  0  2  0  4/9    20:09   3:48   0:00 
Chris Terry              0  0  0   0  0   2  2  0  0  2  6/9    25:48   3:43   3:52 
Christian Hanson         0  0  0   0  0   0  0  0  0  0  0/0     0:00   0:00   0:00 
Corbin McPherson         0  0  0   0  0   0  2  0  0  0  0/0    24:57   3:37   3:14 
Dane Byers               0  0  0   0  5   1  0  0  0  0  0/0    10:55   0:00   0:00 
Daniel Carcillo          0  1  1   1  0   3  2  0  0  0  0/1    14:28   0:28   0:00 
Farm Player1             0  0  0   0  0   0  2  0  0  0  0/0    12:04   1:56   2:25 
Jared Boll               0  1  1   0  10  5  5  1  0  0  0/1    17:29   2:48   0:59 
Joel Broda               0  0  0   0  0   0  0  0  0  0  0/0     3:38   0:00   0:32 
Jordan Schroeder         0  0  0   0  0   2  1  0  3  1  7/12   17:08   4:08   1:47 
Kent Huskins             0  0  0   0  0   2  0  2  0  3  0/0    28:41   4:19   4:42 
Landon Ferraro           0  0  0   0  0   2  2  0  1  0  3/5    16:00   0:00   3:14 
Michael Caruso           0  0  0   0  0   0  1  0  0  0  0/0    16:43   0:00   0:00 
Scott Glennie            0  0  0  -1  0   1  1  1  3  0  0/0    17:45   3:48   0:00 
Yann Sauve               0  0  0   0  0   1  1  0  0  1  0/0    28:48   4:19   4:42 
Yannick Weber            1  0  1   0  0   5  0  0  3  0  0/0    27:14   3:37   3:14 

Players Stats for Phantoms

Player Name              G  A  P  +/- PIM S  H  SB GA TA FO     MP     PP MP  PK MP  
------------------------------------------------------------------------------------
Adam Lowry               0  0  0   1  0   0  3  1  1  0  4/9    23:11   4:04   6:03 
Bryan Lerg               0  1  1   0  0   0  5  3  0  0  2/8    19:38   3:52   1:35 
Chris Langkow            0  0  0   0  0   1  1  0  0  0  1/3     9:34   0:10   0:00 
Denver Manderson         0  0  0   0  0   1  1  0  1  0  1/1    17:02   0:00   2:54 
Dmitrij Jaskin           0  0  0   0  0   7  2  0  5  0  7/12   25:01   4:04   3:59 
Farm Player34            0  0  0   0  2   0  0  0  0  0  0/0    16:18   0:00   2:32 
Garnet Exelby            0  1  1   1  5   1  5  1  1  2  0/0    25:21   4:04   2:48 
Garrett Wilson           0  0  0  -1  0   1  5  3  3  0  0/0    17:38   3:52   0:00 
Greg Zanon               1  0  1   1  2   1  2  2  0  1  0/0    27:12   4:04   2:48 
Harri Pesonen            0  0  0   0  0   2  2  0  4  0  0/1    16:35   4:04   1:20 
Jerome Gauthier-Leduc    0  0  0  -1  0   1  2  1  2  1  0/0    26:12   3:52   5:08 
Jonathan Hazen           0  0  0   0  0   1  3  0  0  0  0/0    11:20   0:00   0:00 
Josh Lunden              0  0  0   0  0   2  1  0  1  0  0/0     7:44   0:00   0:01 
Keegan Lowe              0  0  0  -1  2   2  1  0  0  1  0/0    24:25   3:52   2:36 
Mark Van Guilder         0  0  0   0  0   1  0  0  1  0  3/5    16:07   0:39   0:00 
Steve MacIntyre          0  0  0   0  0   0  0  0  0  0  0/0     0:00   0:00   0:00 
Zack FitzGerald          0  0  0   0  5   0  0  0  0  0  0/0    12:25   0:00   0:00 
Zack Stortini            0  0  0  -1  12  3  3  1  1  0  0/0    16:08   3:03   0:00 

3 Stars

1 - Marek Mazanec (ADR)
2 - Scott Wedgewood (CHI)
3 - Bryan Lerg (ADR)

Power Play

Wolves - 0 on 4 Attempt(s) - 0.00%
Phantoms - 0 on 4 Attempt(s) - 0.00%

Penalty Kill

Wolves - 4 on 4 Attempt(s) - 100.00% - Score 0 goal in Penalty Kill
Phantoms - 4 on 4 Attempt(s) - 100.00% - Score 1 goal in Penalty Kill

Official

Referees : Unknown
Linesman : Unknown

Game Notes

Jared Boll beats up Zack Stortini at 1:11 of 1st period
Dane Byers beats up Garnet Exelby at 2:55 of 2nd period
Jared Boll beats up Zack Stortini at 3:21 of 2nd period
Zack FitzGerald beats up Aaron Volpatti at 3:28 of 2nd period
Ben Hanowski is injured at 7:40 of 3rd period (Bruised Left Foot)

Finance

Level 1 -- Attendance: 1523 (76.15%) -- Ticket Income $33,506
Level 2 -- Attendance: 771 (77.10%) -- Ticket Income $7,710
Total Attendance: 2294 (76.47%)
Total Ticket Income: $41,216
Other Income: $20,196
Total Income: $61,412

Wolves

5 vs 5 Forward 
   Center                   Left Wing                Right Wing               Time % Phy DF OF 
 1 Jordan Schroeder         Chris Terry              Aaron Volpatti           35     1   2  2  
 2 Cedric Paquette          Daniel Carcillo          Jared Boll               30     1   2  2  
 3 Landon Ferraro           Aaron Volpatti           Scott Glennie            22     1   2  2  
 4 Chris Terry              Dane Byers               Ben Hanowski             13     1   2  2  

5 vs 5 Defense 
   Defense                  Defense                                           Time % Phy DF OF 
 1 Yann Sauve               Kent Huskins                                      35     1   2  2  
 2 Yannick Weber            Corbin McPherson                                  30     1   2  2  
 3 Yann Sauve               Michael Caruso                                    22     1   2  2  
 4 Yannick Weber            Kent Huskins                                      13     1   2  2  

PowerPlay Forward 
   Center                   Left Wing                Right Wing               Time % Phy DF OF 
 1 Jordan Schroeder         Chris Terry              Aaron Volpatti           60     1   2  2  
 2 Cedric Paquette          Scott Glennie            Jared Boll               40     1   2  2  

PowerPlay Defense
   Defense                  Defense                                           Time % Phy DF OF 
 1 Yann Sauve               Kent Huskins                                      60     1   2  2  
 2 Yannick Weber            Corbin McPherson                                  40     1   2  2  

Penalty Kill 4 Players Forward 
   Center                   Wing                     Time % Phy DF OF 
 1 Chris Terry              Aaron Volpatti           60     1   2  2  
 2 Jared Boll               Jordan Schroeder         40     1   2  2  

Penalty Kill 4 Players Defense
   Defense                  Defense                  Time % Phy DF OF 
 1 Yann Sauve               Kent Huskins             60     1   2  2  
 2 Yannick Weber            Corbin McPherson         40     1   2  2  

Penalty Kill - 3 Players Forward 
   Forward                                           Time % Phy DF OF 
 1 Chris Terry                                       60     1   2  2  
 2 Jared Boll                                        40     1   2  2  

Penalty Kill - 3 Players Defense
   Defense                  Defense                  Time % Phy DF OF 
 1 Yann Sauve               Kent Huskins             60     1   2  2  
 2 Yannick Weber            Corbin McPherson         40     1   2  2  

4 vs 4 Forward 
   Center                   Wing                     Time % Phy DF OF 
 1 Chris Terry              Scott Glennie            60     1   2  2  
 2 Jared Boll               Jordan Schroeder         40     1   2  2  

4 vs 4 Defense
   Defense                  Defense                  Time % Phy DF OF 
 1 Michael Caruso           Kent Huskins             60     1   2  2  
 2 Yannick Weber            Corbin McPherson         40     1   2  2  

Last Minutes Offensive
   Center                   Left Wing                Right Wing               Defense                  Defense                  
   Jordan Schroeder         Chris Terry              Jared Boll               Yannick Weber            Kent Huskins             

Last Minutes Defensive
   Center                   Left Wing                Right Wing               Defense                  Defense                  
   Jordan Schroeder         Chris Terry              Jared Boll               Yannick Weber            Kent Huskins             

Goaltenders
Starting : Scott Wedgewood          
Backup : Peter Mannino            

Extra Forwards
Normal : Aaron Volpatti, Scott Glennie, Landon Ferraro - PP : Aaron Volpatti, Scott Glennie - PK : Landon Ferraro
Extra Defensemen
Normal : Yann Sauve, Michael Caruso, Yannick Weber - PP : Yann Sauve - PK : Michael Caruso, Yannick Weber
Penalty Shots
Chris Terry, Landon Ferraro, Jared Boll, Jordan Schroeder, Aaron Volpatti

Phantoms

5 vs 5 Forward 
   Center                   Left Wing                Right Wing               Time % Phy DF OF 
 1 Adam Lowry               Dmitrij Jaskin           Harri Pesonen            35     1   2  2  
 2 Bryan Lerg               Garrett Wilson           Zack Stortini            30     1   2  2  
 3 Mark Van Guilder         Denver Manderson         Jonathan Hazen           22     1   2  2  
 4 Chris Langkow            Josh Lunden              Dmitrij Jaskin           13     1   2  2  

5 vs 5 Defense 
   Defense                  Defense                                           Time % Phy DF OF 
 1 Garnet Exelby            Greg Zanon                                        35     1   2  2  
 2 Jerome Gauthier-Leduc    Keegan Lowe                                       30     1   2  2  
 3 Zack FitzGerald          Farm Player34                                     22     1   2  2  
 4 Garnet Exelby            Greg Zanon                                        13     1   2  2  

PowerPlay Forward 
   Center                   Left Wing                Right Wing               Time % Phy DF OF 
 1 Adam Lowry               Dmitrij Jaskin           Harri Pesonen            60     1   2  2  
 2 Bryan Lerg               Garrett Wilson           Zack Stortini            40     1   2  2  

PowerPlay Defense
   Defense                  Defense                                           Time % Phy DF OF 
 1 Garnet Exelby            Greg Zanon                                        60     1   2  2  
 2 Jerome Gauthier-Leduc    Keegan Lowe                                       40     1   2  2  

Penalty Kill 4 Players Forward 
   Center                   Wing                     Time % Phy DF OF 
 1 Dmitrij Jaskin           Adam Lowry               60     1   2  2  
 2 Bryan Lerg               Harri Pesonen            40     1   2  2  

Penalty Kill 4 Players Defense
   Defense                  Defense                  Time % Phy DF OF 
 1 Garnet Exelby            Greg Zanon               60     1   2  2  
 2 Jerome Gauthier-Leduc    Keegan Lowe              40     1   2  2  

Penalty Kill - 3 Players Forward 
   Forward                                           Time % Phy DF OF 
 1 Dmitrij Jaskin                                    60     1   2  2  
 2 Adam Lowry                                        40     1   2  2  

Penalty Kill - 3 Players Defense
   Defense                  Defense                  Time % Phy DF OF 
 1 Garnet Exelby            Greg Zanon               60     1   2  2  
 2 Jerome Gauthier-Leduc    Keegan Lowe              40     1   2  2  

4 vs 4 Forward 
   Center                   Wing                     Time % Phy DF OF 
 1 Dmitrij Jaskin           Adam Lowry               60     1   2  2  
 2 Bryan Lerg               Harri Pesonen            40     1   2  2  

4 vs 4 Defense
   Defense                  Defense                  Time % Phy DF OF 
 1 Garnet Exelby            Greg Zanon               60     1   2  2  
 2 Jerome Gauthier-Leduc    Keegan Lowe              40     1   2  2  

Last Minutes Offensive
   Center                   Left Wing                Right Wing               Defense                  Defense                  
   Adam Lowry               Dmitrij Jaskin           Harri Pesonen            Garnet Exelby            Greg Zanon               

Last Minutes Defensive
   Center                   Left Wing                Right Wing               Defense                  Defense                  
   Adam Lowry               Dmitrij Jaskin           Harri Pesonen            Garnet Exelby            Greg Zanon               

Goaltenders
Starting : Marek Mazanec            
Backup : Johan Hedberg            

Extra Forwards
Normal : Mark Van Guilder, Chris Langkow, Denver Manderson - PP : Mark Van Guilder, Chris Langkow - PK : Denver Manderson
Extra Defensemen
Normal : Zack FitzGerald, Farm Player34, Jerome Gauthier-Leduc - PP : Zack FitzGerald - PK : Farm Player34, Jerome Gauthier-Leduc
Penalty Shots
Dmitrij Jaskin, Adam Lowry, Bryan Lerg, Harri Pesonen, Zack Stortini

% Time on Ice - Wolves

Lines # - Real PCT - Wanted PCT - Time Play
Normal Forward
1 - 22% - 35% - 9:48
2 - 35% - 30% - 15:25
3 - 17% - 22% - 7:32
4 - 26% - 13% - 11:23
Normal Defense
1 - 31% - 35% - 13:34
2 - 36% - 30% - 15:54
3 - 25% - 22% - 11:13
4 - 8% - 13% - 3:27
PP Forward
1 - 52% - 60% - 4:08
2 - 48% - 40% - 3:48
PP Defense
1 - 54% - 60% - 4:19
2 - 46% - 40% - 3:37
PK Forward
1 - 78% - 60% - 6:09
2 - 22% - 40% - 1:47
PK Defense
1 - 59% - 60% - 4:42
2 - 41% - 40% - 3:14
PK3 Forward
1 - 0% - 60%
2 - 0% - 40%
PK3 Defense
1 - 0% - 60%
2 - 0% - 40%
44 Forward
1 - 85% - 60% - 4:14
2 - 15% - 40% - 0:46
44 Defense
1 - 58% - 60% - 2:53
2 - 42% - 40% - 2:07
Last Minute Offensive  - 0:00
Last Minute Defensive  - 0:00
Total
Forward - 65:00
Defense - 65:00

% Time on Ice - Phantoms

Lines # - Real PCT - Wanted PCT - Time Play
Normal Forward
1 - 26% - 35% - 11:28
2 - 33% - 30% - 14:44
3 - 26% - 22% - 11:20
4 - 15% - 13% - 6:36
Normal Defense
1 - 36% - 35% - 15:46
2 - 33% - 30% - 14:30
3 - 27% - 22% - 11:53
4 - 4% - 13% - 1:59
PP Forward
1 - 51% - 60% - 4:04
2 - 49% - 40% - 3:52
PP Defense
1 - 51% - 60% - 4:04
2 - 49% - 40% - 3:52
PK Forward
1 - 83% - 60% - 6:36
2 - 17% - 40% - 1:20
PK Defense
1 - 60% - 60% - 4:47
2 - 40% - 40% - 3:09
PK3 Forward
1 - 0% - 60%
2 - 0% - 40%
PK3 Defense
1 - 0% - 60%
2 - 0% - 40%
44 Forward
1 - 100% - 60% - 5:00
2 - 0% - 40% - 0:00
44 Defense
1 - 56% - 60% - 2:49
2 - 44% - 40% - 2:11
Last Minute Offensive  - 0:00
Last Minute Defensive  - 0:00
Total
Forward - 65:00
Defense - 65:00

Play by Play

1st period


0:01 of 1st period - Jordan Schroeder wins face-off versus Adam Lowry in neutral zone.
0:24 of 1st period - Wrist shot by Dmitrij Jaskin.
0:24 of 1st period - Stopped by Scott Wedgewood with a rebound.
0:50 of 1st period - Jordan Schroeder is hit by Garrett Wilson and loses puck.
1:10 of 1st period - Backhand shot by Yannick Weber.
1:10 of 1st period - Stopped by Marek Mazanec with a rebound.
1:11 of 1st period - Jared Boll beats up Zack Stortini.
1:11 of 1st period - Penalty to Zack Stortini for Fighting.
1:11 of 1st period - Penalty to Jared Boll for Fighting.
1:12 of 1st period - Cedric Paquette wins face-off versus Mark Van Guilder in Phantoms zone.
1:29 of 1st period - Slapshot by Keegan Lowe.
1:29 of 1st period - Stopped by Scott Wedgewood with a rebound.
1:31 of 1st period - Slapshot by Jerome Gauthier-Leduc.
1:31 of 1st period - Stopped by Scott Wedgewood with a rebound.
1:33 of 1st period - Snap shot by Denver Manderson.
1:33 of 1st period - Deflect By Jonathan Hazen.
1:33 of 1st period - Stopped by Scott Wedgewood with a rebound.
1:55 of 1st period - Minor Penalty to Cedric Paquette for Hooking.
1:56 of 1st period - Adam Lowry wins face-off versus Chris Terry in Wolves zone.
2:30 of 1st period - Landon Ferraro is hit by Garnet Exelby and loses puck.
2:41 of 1st period - Yann Sauve is hit by Garrett Wilson and loses puck.
3:02 of 1st period - Snap shot by Bryan Lerg.
3:02 of 1st period - Shot Misses the Net.
3:36 of 1st period - Dmitrij Jaskin is hit by Farm Player1 and loses puck.
3:55 of 1st period - Penalty to Cedric Paquette is over, Cedric Paquette is back on ice.
4:14 of 1st period - Cedric Paquette is hit by Garnet Exelby and loses puck.
4:52 of 1st period - Snap shot by Ben Hanowski.
4:52 of 1st period - Stopped by Marek Mazanec without a rebound.
4:53 of 1st period - Chris Terry wins face-off versus Chris Langkow in Phantoms zone.
5:24 of 1st period - Chris Langkow is hit by Farm Player1.
5:28 of 1st period - Snap shot by Cedric Paquette.
5:28 of 1st period - Deflect By Daniel Carcillo.
5:28 of 1st period - Stopped by Marek Mazanec with a rebound.
5:46 of 1st period - Snap shot by Aaron Volpatti.
5:46 of 1st period - Shot Misses the Net.
5:48 of 1st period - Wrist shot by Scott Glennie.
5:48 of 1st period - Stopped by Marek Mazanec without a rebound.
5:49 of 1st period - Landon Ferraro wins face-off versus Bryan Lerg in Phantoms zone.
6:04 of 1st period - Slapshot by Yannick Weber.
6:04 of 1st period - Shot Blocked by Jerome Gauthier-Leduc.
6:06 of 1st period - Slapshot by Yannick Weber.
6:06 of 1st period - Shot Misses the Net.
6:08 of 1st period - Wrist shot by Chris Terry.
6:08 of 1st period - Shot Blocked by Bryan Lerg.
6:10 of 1st period - Snap shot by Corbin McPherson.
6:10 of 1st period - Deflect By Dane Byers.
6:10 of 1st period - Shot Misses the Net.
6:10 of 1st period - Puck is out of play.
6:11 of 1st period - Chris Terry wins face-off versus Bryan Lerg in Phantoms zone.
6:12 of 1st period - Slapshot by Yannick Weber.
6:12 of 1st period - Shot Blocked by Garrett Wilson.
6:50 of 1st period - Jonathan Hazen is hit by Jared Boll and loses puck.
7:13 of 1st period - Wrist shot by Jared Boll.
7:13 of 1st period - Stopped by Marek Mazanec with a rebound.
7:15 of 1st period - Wrist shot by Jared Boll.
7:15 of 1st period - Stopped by Marek Mazanec with a rebound.
7:16 of 1st period - Minor Penalty to Cedric Paquette for High sticking.
7:17 of 1st period - Chris Terry wins face-off versus Adam Lowry in Wolves zone.
8:51 of 1st period - Jared Boll is hit by Garnet Exelby and loses puck.
8:58 of 1st period - Snap shot by Garrett Wilson.
8:58 of 1st period - Shot Misses the Net.
9:16 of 1st period - Penalty to Cedric Paquette is over, Cedric Paquette is back on ice.
9:18 of 1st period - Landon Ferraro is hit by Harri Pesonen and loses puck.
9:43 of 1st period - Mark Van Guilder is hit by Daniel Carcillo and loses puck.
9:50 of 1st period - Wrist shot by Daniel Carcillo.
9:50 of 1st period - Stopped by Marek Mazanec without a rebound.
9:51 of 1st period - Mark Van Guilder wins face-off versus Cedric Paquette in Phantoms zone.
10:37 of 1st period - Slapshot by Yann Sauve.
10:37 of 1st period - Stopped by Marek Mazanec with a rebound.
10:59 of 1st period - Slapshot by Scott Glennie.
10:59 of 1st period - Deflect By Aaron Volpatti.
10:59 of 1st period - Shot Misses the Net.
10:59 of 1st period - Puck is out of play.
11:00 of 1st period - Bryan Lerg wins face-off versus Landon Ferraro in Phantoms zone.
11:00 of 1st period - Bryan Lerg is hit by Landon Ferraro.
11:48 of 1st period - Snap shot by Cedric Paquette.
11:48 of 1st period - Stopped by Marek Mazanec without a rebound.
11:49 of 1st period - Cedric Paquette wins face-off versus Adam Lowry in Phantoms zone.
13:17 of 1st period - Wrist shot by Jared Boll.
13:17 of 1st period - Stopped by Marek Mazanec with a rebound.
13:45 of 1st period - Minor Penalty to Keegan Lowe for Interference.
13:46 of 1st period - Dmitrij Jaskin wins face-off versus Cedric Paquette in Phantoms zone.
14:48 of 1st period - Snap shot by Jared Boll.
14:48 of 1st period - Stopped by Marek Mazanec without a rebound.
14:49 of 1st period - Denver Manderson wins face-off versus Cedric Paquette in Phantoms zone.
14:49 of 1st period - Denver Manderson is hit by Jared Boll.
15:45 of 1st period - Penalty to Keegan Lowe is over, Keegan Lowe is back on ice.
15:58 of 1st period - Snap shot by Dmitrij Jaskin.
15:58 of 1st period - Stopped by Scott Wedgewood without a rebound.
15:59 of 1st period - Landon Ferraro wins face-off versus Chris Langkow in Wolves zone.
16:06 of 1st period - Wrist shot by Yannick Weber.
16:06 of 1st period - Shot Blocked by Greg Zanon.
16:12 of 1st period - Slapshot by Landon Ferraro.
16:12 of 1st period - Stopped by Marek Mazanec with a rebound.
16:14 of 1st period - Snap shot by Landon Ferraro.
16:14 of 1st period - Stopped by Marek Mazanec with a rebound.
16:16 of 1st period - Slapshot by Dane Byers.
16:16 of 1st period - Stopped by Marek Mazanec with a rebound.
16:20 of 1st period - Wrist shot by Ben Hanowski.
16:20 of 1st period - Deflect By Garnet Exelby.
16:20 of 1st period - Shot Misses the Net.
16:20 of 1st period - Puck is out of play.
16:21 of 1st period - Landon Ferraro wins face-off versus Bryan Lerg in Phantoms zone.
16:28 of 1st period - Slapshot by Scott Glennie.
16:28 of 1st period - Shot Blocked by Garrett Wilson.
16:38 of 1st period - Snap shot by Bryan Lerg.
16:38 of 1st period - Shot Blocked by Scott Glennie.
16:48 of 1st period - Snap shot by Garrett Wilson.
16:48 of 1st period - Stopped by Scott Wedgewood with a rebound.
16:50 of 1st period - Wrist shot by Garrett Wilson.
16:50 of 1st period - Shot Misses the Net.
16:52 of 1st period - Wrist shot by Zack Stortini.
16:52 of 1st period - Stopped by Scott Wedgewood with a rebound.
17:19 of 1st period - Kent Huskins is hit by Denver Manderson and loses puck.
17:40 of 1st period - Snap shot by Dmitrij Jaskin.
17:40 of 1st period - Stopped by Scott Wedgewood with a rebound.
17:42 of 1st period - Slapshot by Jerome Gauthier-Leduc.
17:42 of 1st period - Shot Misses the Net.
17:44 of 1st period - Snap shot by Keegan Lowe.
17:44 of 1st period - Stopped by Scott Wedgewood with a rebound.
17:46 of 1st period - Snap shot by Josh Lunden.
17:46 of 1st period - Shot Blocked by Kent Huskins.
18:35 of 1st period - Corbin McPherson is hit by Jonathan Hazen and loses puck.
18:48 of 1st period - Corbin McPherson is hit by Chris Langkow and loses puck.
19:13 of 1st period - Landon Ferraro is hit by Zack Stortini.
19:41 of 1st period - Snap shot by Jared Boll.
19:41 of 1st period - Stopped by Marek Mazanec with a rebound.
19:52 of 1st period - Off-side.
19:53 of 1st period - Dmitrij Jaskin wins face-off versus Jordan Schroeder in neutral zone.
Goals for this period are 0 for Wolves vs 0 for Phantoms.
Shots for this period are 15 for Wolves vs 9 for Phantoms.

2nd period


0:01 of 2nd period - Adam Lowry wins face-off versus Jordan Schroeder in neutral zone.
0:04 of 2nd period - Kent Huskins is hit by Adam Lowry.
0:16 of 2nd period - Wrist shot by Dmitrij Jaskin.
0:16 of 2nd period - Shot Misses the Net.
0:38 of 2nd period - Kent Huskins is hit by Adam Lowry and loses puck.
1:04 of 2nd period - Wrist shot by Yannick Weber.
1:04 of 2nd period - Deflect By Zack Stortini.
1:04 of 2nd period - Goal by Yannick Weber - Wolves : 1 - Phantoms : 0.
1:05 of 2nd period - Cedric Paquette wins face-off versus Bryan Lerg in neutral zone.
1:38 of 2nd period - Wrist shot by Zack Stortini.
1:38 of 2nd period - Stopped by Scott Wedgewood with a rebound.
1:52 of 2nd period - Harri Pesonen is hit by Chris Terry and loses puck.
2:07 of 2nd period - Snap shot by Jordan Schroeder.
2:07 of 2nd period - Stopped by Marek Mazanec with a rebound.
2:09 of 2nd period - Snap shot by Yann Sauve.
2:09 of 2nd period - Shot Blocked by Adam Lowry.
2:55 of 2nd period - Dane Byers beats up Garnet Exelby.
2:55 of 2nd period - Penalty to Garnet Exelby for Fighting.
2:55 of 2nd period - Penalty to Dane Byers for Fighting.
2:56 of 2nd period - Bryan Lerg wins face-off versus Cedric Paquette in Wolves zone.
3:11 of 2nd period - Wrist shot by Daniel Carcillo.
3:11 of 2nd period - Stopped by Marek Mazanec with a rebound.
3:16 of 2nd period - Wrist shot by Cedric Paquette.
3:16 of 2nd period - Shot Misses the Net.
3:18 of 2nd period - Wrist shot by Cedric Paquette.
3:18 of 2nd period - Shot Misses the Net.
3:20 of 2nd period - Slapshot by Yannick Weber.
3:20 of 2nd period - Shot Blocked by Zack Stortini.
3:21 of 2nd period - Jared Boll beats up Zack Stortini.
3:21 of 2nd period - Penalty to Zack Stortini for Fighting.
3:21 of 2nd period - Penalty to Jared Boll for Fighting.
3:22 of 2nd period - Aaron Volpatti wins face-off versus Mark Van Guilder in Phantoms zone.
3:28 of 2nd period - Zack FitzGerald beats up Aaron Volpatti.
3:28 of 2nd period - Penalty to Zack FitzGerald for Fighting.
3:28 of 2nd period - Penalty to Aaron Volpatti for Fighting.
3:29 of 2nd period - Adam Lowry wins face-off versus Jordan Schroeder in Phantoms zone.
4:13 of 2nd period - Minor Penalty to Greg Zanon for High sticking.
4:14 of 2nd period - Dmitrij Jaskin wins face-off versus Cedric Paquette in Phantoms zone.
4:40 of 2nd period - Wrist shot by Dmitrij Jaskin.
4:40 of 2nd period - Stopped by Scott Wedgewood without a rebound.
4:41 of 2nd period - Jordan Schroeder wins face-off versus Dmitrij Jaskin in Wolves zone.
4:46 of 2nd period - Adam Lowry is hit by Jordan Schroeder and loses puck.
5:24 of 2nd period - Jerome Gauthier-Leduc is hit by Scott Glennie and loses puck.
5:48 of 2nd period - Corbin McPherson is hit by Bryan Lerg and loses puck.
6:13 of 2nd period - Penalty to Greg Zanon is over, Greg Zanon is back on ice.
6:36 of 2nd period - Michael Caruso is hit by Greg Zanon and loses puck.
7:02 of 2nd period - Mark Van Guilder is hit by Landon Ferraro.
7:49 of 2nd period - Corbin McPherson is hit by Bryan Lerg and loses puck.
8:56 of 2nd period - Snap shot by Zack Stortini.
8:56 of 2nd period - Stopped by Scott Wedgewood with a rebound.
9:24 of 2nd period - Mark Van Guilder is hit by Daniel Carcillo and loses puck.
10:34 of 2nd period - Cedric Paquette is hit by Zack Stortini and loses puck.
10:51 of 2nd period - Wrist shot by Yannick Weber.
10:51 of 2nd period - Shot Blocked by Garrett Wilson.
10:53 of 2nd period - Snap shot by Chris Terry.
10:53 of 2nd period - Stopped by Marek Mazanec without a rebound.
10:54 of 2nd period - Jordan Schroeder wins face-off versus Bryan Lerg in Phantoms zone.
11:12 of 2nd period - Minor Penalty to Farm Player34 for Tripping.
11:13 of 2nd period - Cedric Paquette wins face-off versus Dmitrij Jaskin in Phantoms zone.
11:30 of 2nd period - Snap shot by Cedric Paquette.
11:30 of 2nd period - Shot Misses the Net.
11:32 of 2nd period - Wrist shot by Scott Glennie.
11:32 of 2nd period - Shot Blocked by Greg Zanon.
11:42 of 2nd period - Jordan Schroeder is hit by Adam Lowry and loses puck.
12:18 of 2nd period - Harri Pesonen is hit by Cedric Paquette and loses puck.
12:23 of 2nd period - Slapshot by Yannick Weber.
12:23 of 2nd period - Shot Misses the Net.
12:39 of 2nd period - Wrist shot by Garnet Exelby.
12:39 of 2nd period - Shot Blocked by Jared Boll.
12:41 of 2nd period - Backhand shot by Greg Zanon.
12:41 of 2nd period - Goal by Greg Zanon - Wolves : 1 - Phantoms : 1.
12:42 of 2nd period - Dmitrij Jaskin wins face-off versus Jordan Schroeder in neutral zone.
13:12 of 2nd period - Penalty to Farm Player34 is over, Farm Player34 is back on ice.
13:26 of 2nd period - Scott Glennie is hit by Garnet Exelby and loses puck.
13:41 of 2nd period - Corbin McPherson is hit by Jonathan Hazen and loses puck.
13:48 of 2nd period - Snap shot by Denver Manderson.
13:48 of 2nd period - Stopped by Scott Wedgewood with a rebound.
14:20 of 2nd period - Daniel Carcillo is hit by Garrett Wilson and loses puck.
14:43 of 2nd period - Snap shot by Scott Glennie.
14:43 of 2nd period - Shot Blocked by Bryan Lerg.
14:49 of 2nd period - Snap shot by Aaron Volpatti.
14:49 of 2nd period - Stopped by Marek Mazanec with a rebound.
14:53 of 2nd period - Slapshot by Aaron Volpatti.
14:53 of 2nd period - Stopped by Marek Mazanec with a rebound.
14:59 of 2nd period - Minor Penalty to Zack Stortini for Hooking.
15:00 of 2nd period - Jordan Schroeder wins face-off versus Dmitrij Jaskin in Phantoms zone.
15:29 of 2nd period - Scott Glennie is hit by Jerome Gauthier-Leduc and loses puck.
15:38 of 2nd period - Adam Lowry is hit by Jared Boll and loses puck.
15:58 of 2nd period - Snap shot by Jordan Schroeder.
15:58 of 2nd period - Stopped by Marek Mazanec with a rebound.
16:00 of 2nd period - Snap shot by Yannick Weber.
16:00 of 2nd period - Deflect By Denver Manderson.
16:00 of 2nd period - Stopped by Marek Mazanec without a rebound.
16:01 of 2nd period - Jordan Schroeder wins face-off versus Dmitrij Jaskin in Phantoms zone.
16:25 of 2nd period - Aaron Volpatti is hit by Bryan Lerg and loses puck.
16:59 of 2nd period - Penalty to Zack Stortini is over, Zack Stortini is back on ice.
17:13 of 2nd period - Garnet Exelby is hit by Yann Sauve and loses puck.
17:33 of 2nd period - Wrist shot by Dane Byers.
17:33 of 2nd period - Shot Blocked by Bryan Lerg.
17:35 of 2nd period - Snap shot by Ben Hanowski.
17:35 of 2nd period - Stopped by Marek Mazanec without a rebound.
17:36 of 2nd period - Mark Van Guilder wins face-off versus Daniel Carcillo in Phantoms zone.
18:15 of 2nd period - Snap shot by Josh Lunden.
18:15 of 2nd period - Shot Misses the Net.
18:17 of 2nd period - Snap shot by Josh Lunden.
18:17 of 2nd period - Stopped by Scott Wedgewood with a rebound.
18:19 of 2nd period - Snap shot by Josh Lunden.
18:19 of 2nd period - Shot Misses the Net.
19:13 of 2nd period - Daniel Carcillo is hit by Josh Lunden and loses puck.
19:32 of 2nd period - Landon Ferraro is hit by Jerome Gauthier-Leduc and loses puck.
Goals for this period are 1 for Wolves vs 1 for Phantoms.
Shots for this period are 9 for Wolves vs 6 for Phantoms.

3rd period


0:01 of 3rd period - Jordan Schroeder wins face-off versus Adam Lowry in neutral zone.
0:42 of 3rd period - Minor Penalty to Aaron Volpatti for Roughing.
0:43 of 3rd period - Chris Terry wins face-off versus Bryan Lerg in Wolves zone.
1:41 of 3rd period - Yannick Weber is hit by Dmitrij Jaskin and loses puck.
2:26 of 3rd period - Yann Sauve is hit by Garrett Wilson and loses puck.
2:41 of 3rd period - Slapshot by Garnet Exelby.
2:41 of 3rd period - Shot Blocked by Kent Huskins.
2:42 of 3rd period - Penalty to Aaron Volpatti is over, Aaron Volpatti is back on ice.
2:43 of 3rd period - Slapshot by Greg Zanon.
2:43 of 3rd period - Shot Misses the Net.
3:09 of 3rd period - Garnet Exelby is hit by Corbin McPherson and loses puck.
3:36 of 3rd period - Minor Penalty to Cedric Paquette for Hooking.
3:37 of 3rd period - Chris Terry wins face-off versus Harri Pesonen in Wolves zone.
4:12 of 3rd period - Kent Huskins is hit by Garnet Exelby and loses puck.
5:22 of 3rd period - Snap shot by Dmitrij Jaskin.
5:22 of 3rd period - Stopped by Scott Wedgewood with a rebound.
5:24 of 3rd period - Snap shot by Adam Lowry.
5:24 of 3rd period - Deflect By Harri Pesonen.
5:24 of 3rd period - Stopped by Scott Wedgewood with a rebound.
5:26 of 3rd period - Wrist shot by Harri Pesonen.
5:26 of 3rd period - Shot Misses the Net.
5:36 of 3rd period - Penalty to Cedric Paquette is over, Cedric Paquette is back on ice.
5:45 of 3rd period - Jordan Schroeder is hit by Zack Stortini and loses puck.
6:47 of 3rd period - Snap shot by Dmitrij Jaskin.
6:47 of 3rd period - Shot Misses the Net.
6:57 of 3rd period - Slapshot by Dmitrij Jaskin.
6:57 of 3rd period - Shot Misses the Net.
7:39 of 3rd period - Ben Hanowski is hit by Keegan Lowe and loses puck.
7:40 of 3rd period - Ben Hanowski from Wolves is injured at 7:40 of 3rd period (Bruised Left Foot).
7:41 of 3rd period - Jordan Schroeder wins face-off versus Adam Lowry in Wolves zone.
7:41 of 3rd period - Jordan Schroeder is hit by Harri Pesonen.
8:03 of 3rd period - Wrist shot by Garnet Exelby.
8:03 of 3rd period - Shot Misses the Net.
8:13 of 3rd period - Wrist shot by Dmitrij Jaskin.
8:13 of 3rd period - Stopped by Scott Wedgewood with a rebound.
8:15 of 3rd period - Snap shot by Harri Pesonen.
8:15 of 3rd period - Stopped by Scott Wedgewood with a rebound.
8:27 of 3rd period - Garnet Exelby is hit by Chris Terry and loses puck.
8:47 of 3rd period - Cedric Paquette is hit by Garrett Wilson and loses puck.
9:15 of 3rd period - Slapshot by Yannick Weber.
9:15 of 3rd period - Stopped by Marek Mazanec without a rebound.
9:16 of 3rd period - Mark Van Guilder wins face-off versus Landon Ferraro in Phantoms zone.
9:29 of 3rd period - Snap shot by Mark Van Guilder.
9:29 of 3rd period - Stopped by Scott Wedgewood with a rebound.
10:08 of 3rd period - Michael Caruso is hit by Dmitrij Jaskin and loses puck.
11:27 of 3rd period - Yannick Weber is hit by Bryan Lerg and loses puck.
12:53 of 3rd period - Zack Stortini is hit by Aaron Volpatti and loses puck.
14:09 of 3rd period - Yann Sauve is hit by Bryan Lerg and loses puck.
15:07 of 3rd period - Slapshot by Garnet Exelby.
15:07 of 3rd period - Shot Misses the Net.
16:10 of 3rd period - Kent Huskins is hit by Greg Zanon and loses puck.
16:54 of 3rd period - Bryan Lerg is hit by Jared Boll and loses puck.
17:17 of 3rd period - Denver Manderson is hit by Corbin McPherson and loses puck.
17:24 of 3rd period - Jordan Schroeder is hit by Jonathan Hazen and loses puck.
17:53 of 3rd period - Dmitrij Jaskin is hit by Michael Caruso and loses puck.
18:46 of 3rd period - Snap shot by Josh Lunden.
18:46 of 3rd period - Stopped by Scott Wedgewood with a rebound.
19:40 of 3rd period - Icing by Michael Caruso.
19:41 of 3rd period - Adam Lowry wins face-off versus Jordan Schroeder in Wolves zone.
Goals for this period are 0 for Wolves vs 0 for Phantoms.
Shots for this period are 1 for Wolves vs 6 for Phantoms.

Overtime #1


0:01 of 1st overtime period - Chris Terry wins face-off versus Dmitrij Jaskin in neutral zone.
0:06 of 1st overtime period - Wrist shot by Chris Terry.
0:06 of 1st overtime period - Stopped by Marek Mazanec with a rebound.
0:28 of 1st overtime period - Wrist shot by Adam Lowry.
0:28 of 1st overtime period - Shot Misses the Net.
0:50 of 1st overtime period - Snap shot by Adam Lowry.
0:50 of 1st overtime period - Deflect By Dmitrij Jaskin.
0:50 of 1st overtime period - Stopped by Scott Wedgewood without a rebound.
0:51 of 1st overtime period - Dmitrij Jaskin wins face-off versus Chris Terry in Wolves zone.
1:37 of 1st overtime period - Wrist shot by Chris Langkow.
1:37 of 1st overtime period - Stopped by Scott Wedgewood with a rebound.
2:05 of 1st overtime period - Slapshot by Kent Huskins.
2:05 of 1st overtime period - Stopped by Marek Mazanec with a rebound.
2:07 of 1st overtime period - Wrist shot by Aaron Volpatti.
2:07 of 1st overtime period - Shot Blocked by Garnet Exelby.
2:09 of 1st overtime period - Wrist shot by Aaron Volpatti.
2:09 of 1st overtime period - Shot Misses the Net.
2:11 of 1st overtime period - Slapshot by Kent Huskins.
2:11 of 1st overtime period - Stopped by Marek Mazanec with a rebound.
2:17 of 1st overtime period - Slapshot by Aaron Volpatti.
2:17 of 1st overtime period - Stopped by Marek Mazanec without a rebound.
2:18 of 1st overtime period - Dmitrij Jaskin wins face-off versus Aaron Volpatti in Phantoms zone.
2:31 of 1st overtime period - Slapshot by Garnet Exelby.
2:31 of 1st overtime period - Stopped by Scott Wedgewood with a rebound.
3:30 of 1st overtime period - Snap shot by Jared Boll.
3:30 of 1st overtime period - Deflect By Jordan Schroeder.
3:30 of 1st overtime period - Shot Misses the Net.
3:30 of 1st overtime period - Puck is out of play.
3:31 of 1st overtime period - Dmitrij Jaskin wins face-off versus Jared Boll in Phantoms zone.
4:00 of 1st overtime period - Chris Langkow is hit by Jared Boll and loses puck.
4:07 of 1st overtime period - Slapshot by Yannick Weber.
4:07 of 1st overtime period - Stopped by Marek Mazanec without a rebound.
4:08 of 1st overtime period - Chris Langkow wins face-off versus Chris Terry in Phantoms zone.
4:13 of 1st overtime period - Slapshot by Garnet Exelby.
4:13 of 1st overtime period - Shot Misses the Net.
Goals for this period are 0 for Wolves vs 0 for Phantoms.
Shots for this period are 5 for Wolves vs 3 for Phantoms.

ShootOut


5:00 of 1st overtime period - Penalty Shot by Chris Terry for Wolves.
5:00 of 1st overtime period - Deke by Chris Terry.
5:00 of 1st overtime period - Goal by Chris Terry.
5:00 of 1st overtime period - Penalty Shot by Dmitrij Jaskin for Phantoms.
5:00 of 1st overtime period - Wrist shot by Dmitrij Jaskin.
5:00 of 1st overtime period - Stopped by Scott Wedgewood.
5:00 of 1st overtime period - Penalty Shot by Landon Ferraro for Wolves.
5:00 of 1st overtime period - Wrist shot by Landon Ferraro.
5:00 of 1st overtime period - Stopped by Marek Mazanec.
5:00 of 1st overtime period - Penalty Shot by Adam Lowry for Phantoms.
5:00 of 1st overtime period - Snap shot by Adam Lowry.
5:00 of 1st overtime period - Stopped by Scott Wedgewood.
5:00 of 1st overtime period - Penalty Shot by Jared Boll for Wolves.
5:00 of 1st overtime period - Snap shot by Jared Boll.
5:00 of 1st overtime period - Goal by Jared Boll.


Output by the SimonT Hockey Simulator (STHS) for Eric Dolegowski -- Original Page W3C XHTML 1.0 Valid
Hockey Simulator - Hockey Simulation - Hockey Manager